 Dungeon Crawl Stone Soup version 0.29-a0-1047-g7c58e119a4 (webtiles) character file.

Game seed: 12545945524302906210

11065 frimble the Fighter (level 11, -10/90 HPs)
             Began as a Demonspawn Earth Elementalist on Aug 17, 2022.
             Was a Priest of Cheibriados.
             Mangled by a vault guard
             ... wielding a +0 glaive
              (15 damage)
             ... on level 14 of the Dungeon.
             The game lasted 00:19:43 (13740 turns).

frimble the Fighter (DsEE)                         Turns: 13740, Time: 00:19:44

Health: -10/90     AC: 10    Str: 21    XL:     11   Next: 44%
Magic:  0/14       EV: 16    Int: 26    God:    Cheibriados [***...]
Gold:   606        SH:  0    Dex: 23    Spells: 11/14 levels left

rFire   + . .      SeeInvis .   a - +3 dagger (elec)
rCold   + . .      Faith    .   (no shield)
rNeg    + . .      Spirit   +   y - +0 steam dragon scales
rPois   .          Reflect  .   i - +0 helmet
rElec   .          Harm     .   w - scarf {rC+ rF+}
rCorr   .          Rampage  .   (no gloves)
Will    .....                   m - +0 pair of boots
Stlth   ++........              n - amulet of guardian spirit
HPRegen 0.25/turn               q - +6 ring of strength
MPRegen 0.14/turn               t - ring of positive energy

@: very slow
A: icy blue scales 2, demonic guardian 1, powered by death 3
a: Renounce Religion, Bend Time, Temporal Distortion


You were on level 14 of the Dungeon.
You worshipped Cheibriados.
Cheibriados was most pleased with you.
You visited 2 branches of the dungeon, and saw 13 of its levels.

You collected 645 gold pieces.
You spent 39 gold pieces at shops.

Inventory:

Hand Weapons
 a - a +3 dagger of electrocution (weapon)
 b - a +3 falchion
Missiles
 p - 3 throwing nets
Armour
 i - a +0 helmet (worn)
 m - a +0 pair of boots (worn)
 w - a scarf of resistance (worn)
 y - +0 steam dragon scales (worn)
 C - a +0 buckler
Jewellery
 n - an amulet of guardian spirit (around neck)
 q - a +6 ring of strength (left hand)
 r - a ring of protection from fire
 t - a ring of positive energy (right hand)
 D - a +4 ring of protection
Wands
 l - a wand of quicksilver (6)
Scrolls
 d - a scroll of amnesia
 e - 4 scrolls of teleportation
 v - 2 scrolls of enchant weapon
 A - 2 scrolls of fear
Potions
 f - 7 potions of curing
 h - a potion of cancellation
 j - 3 potions of lignification
 k - 3 potions of mutation
 o - a potion of invisibility {unknown}
 s - 2 potions of might
 z - a potion of haste
 B - a potion of magic
 E - a potion of ambrosia {unknown}


   Skills:
 - Level 10.0 Fighting
 - Level 9.7(11.0) Short Blades
 + Level 8.1(10.2) Long Blades
 + Level 5.6 Dodging
 - Level 2.0 Stealth
 - Level 2.0 Spellcasting
 - Level 2.0 Transmutations
 - Level 3.4 Earth Magic


You had 11 spell levels left.
You knew the following spells:

 Your Spells              Type           Power      Damage    Failure   Level
a - Sandblast             Erth           40%        2d10      2%          1
b - Passwall              Tmut/Erth      13%        N/A       5%          2

Your spell library contained the following spells:

 Spells                   Type           Power      Damage    Failure   Level
 Beastly Appendage        Tmut           26%        N/A       4%          1
 Wereblood                Tmut           13%        N/A       7%          2
 Shock                    Conj/Air       8%         1d3       11%         1
 Stone Arrow              Conj/Erth      22%        3d8       16%         3
 Spider Form              Tmut/Pois      7%         N/A       21%         3
 Swiftness                Air            2%         N/A       30%         3
 Petrify                  Tmut/Erth      16%        N/A       34%         4
 Airstrike                Air            1%         2d(1-17)  71%         4
 Freezing Cloud           Conj/Ice/Air   1%         6-21      96%         5
 Simulacrum               Ice/Necr       1%         N/A       100%        6
 Polar Vortex             Ice            1%         N/A       100%        9


Dungeon Overview and Level Annotations

Branches:
Dungeon (11/15)            Temple (1/1) D:4            Lair (0/5) D:9
 Vaults (0/5) D:14
    Orc: D:9-12

Altars:
Ashenzari
Cheibriados
Dithmenos
Gozag
Hepliaklqana
Makhleb
Nemelex Xobeh
Okawaru
Qazlal
Ru
Sif Muna
Trog
Wu Jian
Xom
Yredelemnul

Shops:
D:2 *   D:10 *

Annotations:
D:8 Joseph
D:9 Erolcha
D:10 Sonja


Innate Abilities, Weirdness & Mutations

You are mostly covered in icy blue scales. (AC +3)
A weak demonic guardian rushes to your aid.
You regenerate a lot of health from kills.


Message History

As you read the scroll of teleportation, it crumbles to dust.
You feel strangely unstable. The vampire mosquito bites you.
A demonic guardian appears!
The vampire mosquito completely misses you.
The vampire mosquito misses you. x2
The vampire mosquito attacks as you move away!
The vampire mosquito bites you!
The vampire mosquito draws strength from your injuries!
The vampire mosquito bites you!
The vampire mosquito draws strength from your injuries!
The red ugly thing headbutts you!
You are engulfed in flames.
You resist.
The red ugly thing basks in the mutagenic energy from its kin and changes!
The red ugly thing attacks as you move away!
The red ugly thing headbutts you!
You are engulfed in flames!
You resist.
The vampire mosquito attacks as you move away!
The vampire mosquito completely misses you.
Found 14 gold pieces.
Your surroundings suddenly seem different.
An efreet comes into view.
It is wielding a +4 scimitar of flaming.
Found a quarterstaff and a scroll of teleportation.
The efreet gestures at you. The bolt of fire misses you.
Okay, then.
Blink to where?
Press: ? - help, Dir - move target 8 vault guards and a centaur warrior come into view.
Found 11 gold pieces.
Found a gate to the Vaults.
As you read the scroll of blinking, it crumbles to dust.
The vault guard shouts! x2; The centaur warrior shouts!
The vault guard shouts! x2
The centaur warrior wields a +0 shortbow.
The centaur warrior shoots an arrow.
The arrow hits you.
The vault guard moves out of view. x2
The vault guard shouts! x2; You hear a shout!
The vault guard hits you from afar with a +0 glaive!
* * * LOW HITPOINT WARNING * * *
The centaur warrior shoots an arrow.
The arrow hits you!
* * * LOW HITPOINT WARNING * * *
A demonic guardian appears!
The vault guard hits you from afar with a +0 glaive!
You die...

*,******,*......,,,,,*,,,,,***,,,
*,,,,,,,,#.......,,,,,,,,,,,,,,,,
##+#######.....c#***,****,,,,,,,,
................# *,* *,,,,,,,,
°...............# *,* *,,,,,,,,
..○R............# *,* *,,,,,,,,
..............5.# **,## *,,,,,,,,
................###pp.##*,,,,,,,,
..........).....@.pppp..,,,,,,,,*
................###pp.##*,,,,,,,,
.#.#.......?....# **,## **,,,,,,,
#####...........# *,* *,,,,,,,,
,**,....##......# *,* **,,,,**,
,*,,,,,,..$.....# *,* **,,,****
,,,,,,,,........#***,****,,,,,* *
,,,,,,,*.........,,,,,*,,,,,,,***
,*,,*,,,,,,,,,,,,,,,,,,,,,,,,***,


You could see 8 vault guards, a centaur warrior (ally target) and a friendly
ufetubus (summoned, wandering).

Vanquished Creatures
  Snorg (D:11)
  A boulder beetle (D:11)
  3 two-headed ogres
  A kobold demonologist (D:11)
  Maggie (D:8)
  Psyche (D:8)
  2 trolls
  2 hornets
  A wyvern (D:7)
  A wraith (D:10)
  A spriggan (shapeshifter) (D:11)
  5 yaks (D:10)
  A steam dragon (D:6)
  3 wargs (D:9)
  An acid dragon (D:10)
  An orc warrior (D:6)
  A black bear (D:6)
  3 sky beasts
  2 centaurs (D:8)
  2 phantoms
  20 kobold brigands
  6 bullfrogs
  A gnoll sergeant (D:7)
  A scorpion (D:5)
  A necrophage (D:5)
  11 wights
  7 killer bees (D:9)
  A howler monkey (D:11)
  4 hounds
  A jelly (D:5)
  2 orc priests
  2 gnoll boudas
  6 iguanas
  Natasha (D:2)
  10 orc wizards
  Robin (D:2)
  22 gnolls
  6 adders
  5 worms
  16 orcs
  4 ball pythons
  11 endoplasms
  2 giant cockroaches
  12 goblins
  10 hobgoblins
  4 jackals (D:1)
  3 quokkas
  7 bats
  A frilled lizard (D:1)
  27 kobolds
  10 rats
  A spectral orc (D:3)
250 creatures vanquished.

Vanquished Creatures (collateral kills)
  An orc priest (D:9)
1 creature vanquished.

Vanquished Creatures (others)
  2 orc wizards (D:6)
2 creatures vanquished.

Grand Total: 253 creatures vanquished

Notes
Turn   | Place    | Note
-------+----------+-------------------------------------------
     0 | D:1      | frimble the Demonspawn Earth Elementalist began the quest
                  | for the Orb.
     0 | D:1      | Reached XP level 1. HP: 13/13 MP: 3/3
   171 | D:1      | Reached skill level 1 in Transmutations
   370 | D:1      | Gained mutation: You regenerate a little health from kills.
                  | [demonic ancestry]
   370 | D:1      | Reached XP level 2. HP: 13/19 MP: 1/5
   980 | D:2      | Found Tercha Zaytu's General Store.
   998 | D:2      | Bought a scroll of teleportation for 39 gold pieces
  1122 | D:2      | Reached skill level 1 in Short Blades
  1143 | D:2      | Found a faded altar of an unknown god.
  1153 | D:2      | Gained mutation: You are partially covered in icy blue
                  | scales. (AC +2) [demonic ancestry]
  1153 | D:2      | Reached XP level 3. HP: 7/24 MP: 2/6
  1159 | D:2      | HP: 1/24 [poisoned by an adder]
  1525 | D:2      | Noticed Natasha
  1538 | D:2      | Killed Natasha
  1697 | D:2      | Reached XP level 4. HP: 21/30 MP: 1/7
  1950 | D:2      | Found a shimmering blue altar of Sif Muna.
  2051 | D:2      | Noticed Robin
  2057 | D:2      | Killed Robin
  2512 | D:3      | Found a basalt altar of Yredelemnul.
  2678 | D:3      | Reached skill level 1 in Fighting
  2688 | D:3      | Reached XP level 5. HP: 21/37 MP: 2/8
  3216 | D:3      | Reached skill level 2 in Fighting
  3550 | D:4      | Found an ornate altar of the Wu Jian Council.
  3552 | D:4      | Noticed an orc warrior
  3726 | D:4      | Found a staircase to the Ecumenical Temple.
  3737 | D:4      | Learned a level 2 spell: Passwall
  4036 | D:4      | Noticed a phantom
  4091 | D:5      | Entered Level 5 of the Dungeon
  4097 | D:5      | Gained mutation: You are mostly covered in icy blue scales.
                  | (AC +3) [demonic ancestry]
  4097 | D:5      | Reached XP level 6. HP: 46/46 MP: 9/9
  4145 | D:5      | Reached skill level 3 in Fighting
  4703 | D:4      | Noticed a moth of wrath
  4705 | D:4      | Found a bloodstained altar of Trog.
  4831 | D:4      | Reached skill level 4 in Fighting
  4831 | D:4      | Reached XP level 7. HP: 51/54 MP: 10/10
  6131 | D:6      | Reached skill level 5 in Short Blades
  6140 | D:6      | Reached skill level 5 in Fighting
  6882 | D:7      | Reached XP level 8. HP: 51/64 MP: 7/11
  7020 | D:7      | Found a shimmering altar of Xom.
  7066 | D:7      | Found an iron altar of Okawaru.
  7130 | D:7      | Reached skill level 6 in Fighting
  7241 | D:7      | Noticed a hornet
  7724 | D:7      | Reached skill level 7 in Fighting
  7811 | D:8      | Noticed Joseph
  7829 | D:8      | Found a sparkling altar of Nemelex Xobeh.
  8005 | D:8      | Noticed Psyche
  8016 | D:7      | Killed a hornet
  8017 | D:7      | Gained mutation: A weak demonic guardian rushes to your
                  | aid. [demonic ancestry]
  8017 | D:7      | Reached XP level 9. HP: 36/73 MP: 8/12
  8456 | D:7      | Reached skill level 8 in Fighting
  9580 | Temple   | Entered the Ecumenical Temple
  9605 | Temple   | Became a worshipper of Cheibriados the Contemplative
  9834 | D:8      | Identified the ring of Muec Hyi {Fly rC+ Will+ Str+8
                  | Slay-6}
  9838 | D:8      | Noticed Maggie
  9887 | D:8      | Killed Maggie
  9888 | D:8      | Reached skill level 9 in Fighting
 10058 | D:8      | Found a sacrificial altar of Ru.
 10185 | D:8      | Killed Psyche
 10501 | D:8      | Gained mutation: You regenerate health from kills. [demonic
                  | ancestry]
 10501 | D:8      | Reached XP level 10. HP: 78/84 MP: 11/13
 11135 | D:9      | Found a staircase to the Lair.
 11144 | D:9      | Reached skill level 1 in Long Blades
 11167 | D:9      | Reached * piety under Cheibriados
 11239 | D:9      | Noticed a two-headed ogre
 11246 | D:9      | Killed a two-headed ogre
 11247 | D:9      | Reached skill level 10 in Fighting
 11390 | D:9      | Noticed a two-headed ogre
 11411 | D:9      | Killed a two-headed ogre
 11734 | D:9      | Found an opulent altar of Gozag.
 11911 | D:9      | Noticed Erolcha
 12175 | D:10     | Entered Level 10 of the Dungeon
 12206 | D:10     | Reached skill level 5 in Long Blades
 12458 | D:10     | Found Turr's Demolitions Depot.
 12612 | D:10     | Noticed Sonja
 12657 | D:11     | Noticed a two-headed ogre
 12667 | D:11     | Killed a two-headed ogre
 12667 | D:11     | Reached ** piety under Cheibriados
 12793 | D:11     | Noticed Snorg
 12822 | D:11     | Killed Snorg
 12823 | D:11     | Gained mutation: You regenerate a lot of health from kills.
                  | [demonic ancestry]
 12823 | D:11     | Reached XP level 11. HP: 20/90 MP: 2/14
 13299 | D:11     | Paralysed by a hornet for 1 turns
 13305 | D:11     | Reached skill level 5 in Dodging
 13395 | D:11     | Reached *** piety under Cheibriados
 13560 | D:11     | Noticed a boulder beetle
 13578 | D:11     | Killed a boulder beetle
 13718 | D:11     | Noticed a two-headed ogre
 13719 | D:11     | You fall into a shaft and drop 3 floors!
 13724 | D:14     | Noticed a red ugly thing
 13724 | D:14     | Noticed a red ugly thing
 13726 | D:14     | Noticed a red ugly thing
 13727 | D:14     | Noticed a red ugly thing
 13731 | D:14     | Noticed a red ugly thing
 13739 | D:14     | Found a gate to the Vaults.
 13739 | D:14     | Noticed a vault guard
 13739 | D:14     | Noticed a vault guard
 13739 | D:14     | Noticed a vault guard
 13739 | D:14     | Noticed a vault guard
 13739 | D:14     | Noticed a vault guard
 13739 | D:14     | Noticed a vault guard
 13739 | D:14     | Noticed a vault guard
 13739 | D:14     | Noticed a vault guard
 13739 | D:14     | Noticed a centaur warrior
 13740 | D:14     | Mangled by a vault guard

Illustrated notes

Levels and vault maps discovered:
D:1:      lightli_arrival_maybe_door_vault, layout_basic
D:2:      layout_basic, basic_altar, serial_shops, shop,
          nicolae_ecumenical_snake_handling, uniq_natasha, uniq_robin
D:3:      layout_basic, yredelemnul_forgotten_temple_becter,
          nrook_mini_backslash, minmay_misc_feat_secret_circle
D:4:      layout_loops_corners, tgw_trog, jmf_multi_god_temple,
          minmay_temple_entry_large_hall
D:5:      layout_basic
D:6:      layout_basic, minmay_a_box_with_orc_wizards_in_it
D:7:      layout_basic, okawaru_trees_2, brannock_xom_greatest_gift,
          grunt_ministairs_13
D:8:      layout_loops_ring, nicolae_overflow_crystal_walls,
          nemelex_xobeh_ov_fountains_minmay, uniq_joseph, uniq_psyche,
          uniq_maggie
D:9:      layout_basic, kennysheep_little_box, erik_lair_orcish_takeover,
          uniq_erolcha
D:10:     layout_basic, mainiacjoe_overflow_catwalk, zin_treasury, erik_orc_1,
          st_stairs_1, nicolae_blasting_shop, uniq_sonja, uniq_erica
D:11:     layout_roguey [special_room_kobold], uniq_snorg
D:14:     layout_cross, erik_vaults_2, gauntlet_entry_generic,
          minmay_misc_feat_x, minmay_gold_behind_fungi, grunt_ministairs_9,
          minivault_25_ag
Temple:   hellmonk_temple_of_storms

Skill      XL: |  1  2  3  4  5  6  7  8  9 10 11 |
---------------+----------------------------------+-----
Transmutations | 1 2 |  2.0
Stealth        | 2 |  2.0
Dodging        | 2 3 5 |  5.6
Earth Magic    | 3 |  3.4
Short Blades   | 1 2 3 4 5 7 9 |  9.7
Fighting       | 1 2 4 5 7 9 10 | 10.0
Long Blades    | 7 8 |  8.1
Spellcasting   | |  2.0

Action                   |  1- 3 |  4- 6 |  7- 9 | 10-12 || total
-------------------------+-------+-------+-------+-------++-------
Melee: Dagger            |    53 |   218 |   497 |   265 ||  1033
       Punch             |     1 |     3 |     4 |     9 ||    17
       Falchion          |       |       |       |   163 ||   163
 Cast: Sandblast         |    40 |    15 |     9 |     9 ||    73
Evoke: Wand              |       |       |       |     2 ||     2
  Use: Potion            |     1 |       |     8 |     2 ||    11
       Scroll            |     2 |    10 |     4 |    10 ||    26
 Stab: Sleeping          |     3 |     8 |     3 |     1 ||    15
Armor: Robe              |    20 |    46 |    85 |       ||   151
       Steam dragon scal |       |       |    49 |   103 ||   152
       Skin              |       |       |    13 |       ||    13
Dodge: Dodged            |    48 |   114 |   205 |   199 ||   566

Table legend: (Time is in decaauts)
 A = Elapsed time spent in this place.
 B = Non-inter-level travel time spent in this place.
 C = Inter-level travel time spent in this place.
 D = Time resting spent in this place.
 E = Time spent auto-exploring this place.
 F = Levels seen in this place.
 G = Mean time per level.
                   A        B        C        D        E       F      G
               +--------+--------+--------+--------+--------+-----+--------+
         Total |  14104 |  12938 |   1166 |    309 |  10382 |  13 | 1084.9 |
       Dungeon |  14057 |  12914 |   1143 |    309 |  10371 |  12 | 1171.4 |
        Temple |     47 |     25 |     22 |      0 |     11 |   1 |   47.0 |
               +--------+--------+--------+--------+--------+-----+--------+

Top non-repeatable levels by time:
     D:7: 1762 daAuts
     D:4: 1592 daAuts
     D:8: 1546 daAuts
     D:6: 1512 daAuts
     D:2: 1507 daAuts
     D:5: 1345 daAuts
    D:11: 1135 daAuts
     D:9: 1133 daAuts
     D:3: 1074 daAuts
     D:1: 906 daAuts
    D:10: 516 daAuts
  Temple: 47 daAuts
    D:14: 23 daAuts
